Map: 2000 Atmospheres LE

Players

ShoWTimE - Winner!

  • Race: Protoss Protoss
  • League: Grandmaster

TLHarstem (Harstem)

  • Race: Protoss Protoss
  • League: Master

Event: DreamHack SC2 Masters 2021 Summer

VOD

Have the link to the VOD?

Description

Time

  • Played on: June 2, 2021, 11:42 a.m.
  • Length: 11:15

All games in this series

Show
View Real Time Build Order
Export as new Build Order

ShoWTimE Protoss - Winner!

Build Orders: Phoenix Opening, Blink Stalkers 

Get SALT Encoding   

  12  0:00  Probe  
  13  0:12  Probe  
  14  0:17  Pylon  
  14  0:24  Probe (Chrono Boost)  
  15  0:36  Probe (Chrono Boost), Gateway  
  16  0:44  Probe (Chrono Boost)  
  16  0:45  Assimilator  
  17  0:51  Probe  
  18  0:58  Assimilator  
  18  1:03  Probe (Chrono Boost)  
  19  1:11  Gateway  
  19  1:15  Probe (Chrono Boost)  
  20  1:22  Probe (Chrono Boost)  
  20  1:25  Cybernetics Core  
  21  1:29  Probe  
  22  1:35  Pylon  
  22  1:41  Probe  
  23  1:53  Probe  
  24  2:01  Stalker x2, Warp Gate (Chrono Boost)  
  28  2:05  Probe  
  29  2:15  Pylon  
  29  2:18  Probe  
  30  2:34  Sentry  
  34  2:37  Sentry  
  34  2:47  Nexus  
  34  2:50  Probe  
  35  2:58  Pylon  
  35  3:02  Probe (Chrono Boost)  
  36  3:07  Sentry  
  36  3:08  Phoenix  
  36  3:11  Probe (Chrono Boost)  
  39  3:15  Twilight Council  
  39  3:16  Probe (Chrono Boost)  
  40  3:28  Probe  
  41  3:40  Probe, Shield Battery  
  42  3:42  Stalker  
  42  3:46  Stalker  
  45  3:54  Probe (Chrono Boost), Phoenix  
  46  3:59  Blink  
  46  4:02  Probe (Chrono Boost)  
  48  4:10  Probe (Chrono Boost)  
  48  4:11  Probe (Chrono Boost)  
  48  4:13  Stalker  
  48  4:16  Probe (Chrono Boost)  
  47  4:17  Probe  
  48  4:26  Forge  
  48  4:28  Probe (Chrono Boost)  
  50  4:33  Phoenix  
  50  4:34  Probe (Chrono Boost)  
  51  4:39  Probe (Chrono Boost)  
  51  4:43  Probe (Chrono Boost)  
  51  4:44  Probe (Chrono Boost)  
  53  4:48  Nexus  
  53  4:53  Probe, Pylon  
  53  4:55  Probe  
  55  5:00  Protoss Ground Weapons Level 1 (Chrono Boost)  
  56  5:07  Probe x2 (Chrono Boost)  
  56  5:08  Robotics Facility  
  56  5:11  Assimilator  
  57  5:19  Probe (Chrono Boost)  
  57  5:20  Stalker  
  61  5:22  Probe (Chrono Boost)  
  61  5:24  Stalker  
  61  5:25  Probe (Chrono Boost)  
  64  5:29  Probe  
  64  5:33  Pylon  
  64  5:34  Probe  
  66  5:39  Gateway, Phoenix, Shield Battery  
  66  5:43  Gateway  
  66  5:46  Probe x2  
  68  5:54  Stalker  
  68  5:56  Observer  
  71  5:57  Pylon  
  71  5:58  Probe  
  71  5:59  Probe  
  71  6:00  Probe  
  71  6:03  Stalker  
  76  6:10  Pylon  
  77  6:12  Probe (Chrono Boost)  
  77  6:14  Probe (Chrono Boost)  
  77  6:16  Probe (Chrono Boost)  
  79  6:21  Stalker  
  79  6:22  Probe (Chrono Boost)  
  79  6:25  Probe (Chrono Boost)  
  84  6:26  Probe (Chrono Boost), Stalker  
  84  6:27  Probe (Chrono Boost)  
  84  6:30  Charge (Chrono Boost)  
  87  6:37  Gateway  
  87  6:38  Gateway, Stalker  
  87  6:39  Stalker  
  91  6:40  Probe  
  91  6:41  Probe  
  91  6:45  Phoenix  
  91  6:46  Protoss Ground Weapons Level 2 (Chrono Boost)  
  93  6:48  Gateway  
  93  6:59  Warp Prism (Chrono Boost)  
  93  7:00  Gateway  
  95  7:03  Pylon  
  95  7:18  Pylon  
  95  7:21  Nexus  
  95  7:22  Pylon  
  95  7:28  Gateway x2  
  95  7:32  Immortal (Chrono Boost)  
  95  7:33  Zealot x4  
  107  7:37  Zealot x2  
  107  7:42  Pylon  
  111  7:46  Assimilator  
  111  7:48  Probe x2  
  111  7:49  Probe  
  114  7:55  Zealot x2  
  114  7:56  Zealot x3  
  124  8:01  Photon Cannon  
  124  8:02  Zealot x2  
  128  8:10  Shield Battery  
  128  8:12  Observer  
  129  8:21  Templar Archives  
  129  8:22  Pylon  
  129  8:23  Zealot x5  
  139  8:32  Zealot x3  
  139  8:33  Zealot  
  147  8:37  Zealot  
  147  9:01  High Templar x5  
  157  9:03  High Templar  
  157  9:04  Zealot x2  
  157  9:07  Photon Cannon  
  157  9:08  Archon x3, Pylon  
  157  9:09  Pylon  
  163  9:11  Pylon  
  163  9:13  Pylon  
  163  9:17  Phoenix  
  161  9:29  Zealot x4  
  169  9:32  Pylon  
  169  9:34  Zealot x5  
  179  9:38  Pylon  
  179  9:41  Pylon  
  179  9:51  Zealot x5  
  189  9:55  Zealot x5  
  167  10:16  Zealot x2  
  167  10:17  Zealot x8  
  147  10:26  Immortal  
  103  10:37  Stalker x8  
  103  10:38  Stalker x2  
  110  11:00  Stalker x5  
  110  11:01  Stalker x2  
  110  11:03  Zealot x2  
  120  11:05  Zealot  
Show
View Real Time Build Order
Export as new Build Order

TLHarstem Protoss 

Build Orders: Oracle Opening 

Get SALT Encoding   

  12  0:00  Probe  
  13  0:13  Probe  
  14  0:17  Pylon  
  14  0:25  Probe (Chrono Boost)  
  15  0:37  Probe (Chrono Boost), Gateway  
  16  0:45  Probe (Chrono Boost)  
  16  0:49  Assimilator  
  17  0:51  Probe  
  17  0:55  Assimilator  
  18  1:03  Probe (Chrono Boost)  
  19  1:07  Gateway  
  19  1:12  Probe (Chrono Boost)  
  19  1:17  Probe (Chrono Boost)  
  20  1:25  Cybernetics Core  
  21  1:29  Probe  
  22  1:35  Pylon  
  22  1:41  Probe  
  23  1:54  Probe  
  24  2:01  Stargate  
  24  2:05  Stalker  
  26  2:12  Stalker  
  28  2:16  Pylon  
  28  2:18  Probe  
  28  2:21  Warp Gate  
  29  2:46  Oracle (Chrono Boost)  
  32  2:55  Nexus  
  32  3:01  Pylon  
  32  3:04  Probe  
  33  3:16  Probe  
  34  3:20  Oracle (Chrono Boost), Shield Battery  
  37  3:28  Probe  
  38  3:36  Twilight Council  
  38  3:40  Probe  
  39  3:52  Probe  
  40  4:04  Probe, Forge  
  40  4:08  Probe  
  43  4:17  Probe (Chrono Boost)  
  43  4:20  Probe (Chrono Boost), Blink  
  44  4:26  Stalker  
  44  4:28  Stalker  
  44  4:29  Probe (Chrono Boost)  
  50  4:31  Probe (Chrono Boost)  
  50  4:34  Probe (Chrono Boost)  
  50  4:36  Probe (Chrono Boost), Protoss Ground Weapons Level 1 (Chrono Boost)  
  52  4:43  Probe  
  53  4:46  Probe  
  53  4:47  Pylon  
  53  4:51  Assimilator  
  54  4:59  Probe  
  55  5:03  Probe, Gateway  
  55  5:04  Sentry  
  55  5:05  Gateway  
  58  5:11  Probe  
  59  5:17  Probe  
  60  5:23  Probe  
  60  5:27  Nexus  
  60  5:28  Stalker  
  63  5:30  Probe  
  63  5:34  Pylon  
  64  5:36  Probe  
  64  5:38  Stalker  
  67  5:45  Probe  
  68  5:50  Pylon  
  68  5:52  Stalker  
  68  5:54  Probe  
  71  6:00  Stalker x2  
  71  6:02  Stalker  
  71  6:04  Probe  
  78  6:08  Pylon  
  78  6:11  Probe  
  78  6:16  Probe  
  79  6:19  Stalker  
  82  6:27  Stalker x3  
  82  6:29  Protoss Ground Weapons Level 2 (Chrono Boost)  
  82  6:30  Probe  
  89  6:33  Pylon  
  89  6:36  Probe  
  89  6:40  Probe  
  89  6:42  Probe  
  89  6:45  Stalker  
  93  6:51  Probe  
  94  6:55  Probe  
  94  6:56  Probe, Charge  
  94  6:58  Assimilator  
  96  7:01  Phoenix  
  96  7:02  Assimilator  
  96  7:03  Probe  
  96  7:07  Probe, Gateway x2  
  98  7:08  Probe  
  99  7:16  Probe  
  99  7:19  Robotics Facility  
  99  7:21  Probe, Gateway  
  101  7:22  Gateway  
  101  7:24  Shield Battery  
  101  7:29  Probe  
  103  7:35  Probe, Templar Archives  
  103  7:50  Gateway  
  103  7:51  Nexus, Zealot x3  
  107  7:54  Pylon  
  109  7:59  Probe, Gateway  
  109  8:01  Photon Cannon, Pylon  
  109  8:03  Pylon  
  110  8:08  Warp Prism (Chrono Boost)  
  110  8:11  Probe  
  113  8:14  High Templar x4  
  113  8:15  Zealot  
  123  8:22  Archon x2, Zealot x3  
  129  8:35  Protoss Ground Weapons Level 3 (Chrono Boost)  
  129  8:37  Zealot  
  129  8:38  Probe  
  129  8:39  Pylon  
  132  8:41  Pylon  
  130  8:52  Probe  
  130  8:55  High Templar x2, Zealot x3  
  137  8:58  Probe, Photon Cannon, Pylon  
  137  9:00  Archon  
  137  9:01  Shield Battery  
  142  9:07  Probe  
  142  9:08  Probe  
  144  9:12  High Templar  
  144  9:13  High Templar, Zealot x3  
  144  9:16  Zealot x3  
  158  9:17  Archon  
  156  9:26  Immortal  
  156  9:27  Probe  
  156  9:28  Probe x3, Photon Cannon  
  162  9:36  Pylon  
  162  9:38  Pylon  
  162  9:39  Probe, High Templar  
  162  9:40  High Templar, Zealot x3  
  162  9:42  Zealot  
  162  9:44  Archon, Pylon  
  162  9:45  Pylon  
  175  9:48  Pylon  
  175  9:57  Zealot x3  
  175  9:58  Zealot  
  183  10:11  Zealot x4  
  142  10:23  Stalker x2  
  142  10:24  Stalker x3  
  142  10:25  Immortal  
  118  10:38  Zealot x5  
  122  10:48  Stalker x2  
  120  10:51  Stalker  
  120  10:53  Zealot x2  
  108  11:00  Zealot x5  
  116  11:05  Shield Battery  
Tags
 
Add a new tag
Caveats
  • Supply blocks, unpowered buildings, or Contaminate may cause inaccurate times.
  • Supply counts are checked every 10 seconds.